 Dungeon Crawl Stone Soup version 0.16.2-12-gd0ad4c3 (webtiles) character file.

313 faibistes the Cudgeler (level 6, -11/61 HPs)
             Began as an Ogre Warper on Dec 9, 2017.
             Was an Initiate of the Shining One.
             Mangled by an iguana (15 damage)
             ... on level 4 of the Dungeon.
             The game lasted 00:17:15 (6364 turns).

faibistes the Cudgeler (Ogre Warper)                Turns: 6364, Time: 00:17:15

Health: -11/61     AC:  3    Str: 17    XL:     6   Next: 43%
Magic:  20/22      EV: 10    Int: 14    God:    the Shining One [......]
Gold:   146        SH:  0    Dex:  9    Spells: 5 memorised, 1 level left

rFire  . . .     SeeInvis .     w - +0 giant spiked club
rCold  . . .     Clarity  .     b - +0 robe
rNeg   . . .     SustAb   .     (shield restricted)
rPois  .         Gourm    .     (helmet restricted)
rElec  .         Spirit   .     (no cloak)
rCorr  .         Warding  .     (gloves unavailable)
rMut   .         Stasis   .     (boots unavailable)
MR     .....                    (no amulet)
Stlth  +.........               (no ring)
                                j - ring of magical power

@: very slightly contaminated, not resistant to hostile enchantments, very
unstealthy
A: unfitting armour, tough skin 1
a: Renounce Religion


You were on level 4 of the Dungeon.
You worshipped the Shining One.
The Shining One was noncommittal.
You were hungry.

You visited 2 branches of the dungeon, and saw 6 of its levels.

You collected 146 gold pieces.

Inventory:

Hand weapons
 a - a +0 mace
 w - a +0 giant spiked club (weapon)
Missiles
 e - 2 steel javelins
 l - 178 stones (quivered)
Armour
 b - a +0 robe (worn)
Magical staves
 t - an uncursed staff of power
Jewellery
 j - a ring of magical power (left hand)
Scrolls
 d - 2 scrolls of blinking
 k - 2 scrolls of enchant weapon {unknown}
 p - 4 scrolls of identify
 q - 2 scrolls of remove curse {unknown}
 r - a scroll of enchant armour {unknown}
 s - 2 scrolls of fog {unknown}
 u - a scroll of amnesia {unknown}
 v - 2 scrolls of noise {unknown}
 y - a scroll of magic mapping {unknown}
Potions
 i - a potion of might
 m - a potion of invisibility
 n - 2 potions of curing
Books
 c - a book of Spatial Translocations

   Spells                             Type                      Level
   a - Apportation                    Translocation                1
   b - Blink                          Translocation                2
   c - Shroud of Golubria             Charms/Translocation         2
   d - Portal Projectile              Translocation                3
   e - Teleport Other                 Translocation                3
   f - Passage of Golubria            Translocation                4
Comestibles
 f - 5 meat rations
 h - 3 bread rations
 o - 2 beef jerkies
 x - 2 fruits


   Skills:
 + Level 3.3 Fighting
 * Level 4.6 Maces & Flails
 * Level 3.2 Throwing
 + Level 1.4 Armour
 - Level 1.7 Dodging
 * Level 3.8 Spellcasting
 + Level 0.1 Charms
 * Level 3.1 Translocations
 * Level 0.0 Invocations


You had one spell level left.
You knew the following spells:

 Your Spells              Type           Power        Failure   Level  Hunger
a - Apportation           Tloc           ##........   6%          1    None
b - Teleport Other        Tloc           ##......     17%         3    ###....
c - Shroud of Golubria    Chrm/Tloc      #.........   17%         2    ##.....
d - Blink                 Tloc           N/A          10%         2    ##.....
e - Portal Projectile     Tloc           ##....       17%         3    ###....


Dungeon Overview and Level Annotations

Branches:
Dungeon (5/15)             Temple (1/1) D:4

Altars:
Ashenzari
Cheibriados
Dithmenos
Elyvilon
Fedhas
Kikubaaqudgha
Makhleb
Nemelex Xobeh
Ru
Sif Muna
Trog
Xom
Yredelemnul
Zin
The Shining One


Innate Abilities, Weirdness & Mutations

You are too large for most types of armour.
You have tough skin (AC +1).


Message History

You closely miss the iguana.
The iguana is heavily wounded.
The iguana bites you!
You barely miss the iguana.
The iguana is heavily wounded.
The iguana bites you.
Your shroud bends the iguana's attack away.
You barely miss the iguana.
The iguana is heavily wounded.
The iguana bites you!
* * * LOW HITPOINT WARNING * * *
You completely miss the iguana.
The iguana is heavily wounded.
The iguana barely misses you. The iguana bites you!
* * * LOW HITPOINT WARNING * * *
Your shroud falls apart!
You barely miss the iguana.
The iguana is heavily wounded.
The iguana bites you!
You die...

.........# #........#
...##.#### #........#
.####### #........# .......#
#........# .......#
######...######### .......#
#...###..........#
.......#####.#.###..........#
...........#.#.#.l.>.......[#
.......###.#.#.#@##.........#
.......# #.#.#.).##.........#
.......# #...######.........#
######## ##### #.........#
#...).....# #.........#
#.........# ###########


You could see an iguana.

Vanquished Creatures
  An ogre (D:4)
  An orc wizard (D:4)
  11 adders
  4 worms
  An ooze (D:3)
  5 orcs
  9 bats
  4 giant cockroaches
  12 goblins
  5 hobgoblins
  4 jackals (D:3)
  3 quokkas
  4 ball pythons
  2 giant newts
  11 kobolds
  8 rats
85 creatures vanquished.

Notes
Turn   | Place    | Note
--------------------------------------------------------------
     0 | D:1      | faibistes, the Ogre Warper, began the quest for the Orb.
     0 | D:1      | Reached XP level 1. HP: 22/22 MP: 3/3
   170 | D:1      | Reached skill level 3 in Maces & Flails
   170 | D:1      | Reached XP level 2. HP: 29/29 MP: 5/5
   182 | D:1      | Learned a level 2 spell: Blink
   185 | D:1      | Learned a level 2 spell: Shroud of Golubria
   784 | D:2      | Reached XP level 3. HP: 14/37 MP: 6/6
  1285 | D:2      | Reached skill level 1 in Armour
  1814 | D:2      | Reached XP level 4. HP: 45/45 MP: 8/8
  1822 | D:2      | Learned a level 3 spell: Teleport Other
  2172 | D:3      | Found a snail-covered altar of Cheibriados.
  2728 | D:3      | Reached XP level 5. HP: 16/53 MP: 11/11
  3156 | D:3      | Found a shimmering altar of Xom.
  3416 | D:2      | Reached skill level 4 in Maces & Flails
  4376 | D:3      | Found a bloodstained altar of Trog.
  5250 | D:4      | Noticed an ogre
  5279 | D:4      | Killed an ogre
  5279 | D:4      | Reached XP level 6. HP: 59/61 MP: 13/13
  5333 | D:5      | Entered Level 5 of the Dungeon
  5372 | D:4      | Learned a level 3 spell: Portal Projectile
  5773 | D:4      | Found a staircase to the Ecumenical Temple.
  5783 | Temple   | Entered the Ecumenical Temple
  5882 | Temple   | Became a worshipper of the Shining One
  6364 | D:4      | Mangled by an iguana

Action                   |  1- 3 |  4- 6 || total
-------------------------+-------+-------++-------
Melee: Mace              |   107 |   254 ||   361
       Giant spiked club |       |    68 ||    68
Throw: Stone             |     7 |    85 ||    92
       Tomahawk          |       |     5 ||     5
 Cast: Shroud of Golubri |     6 |    37 ||    43
       Teleport Other    |       |     5 ||     5
       Blink             |       |     2 ||     2
  Use: Scroll            |       |     4 ||     4
       Potion            |       |     2 ||     2
  Eat: Chunk             |     3 |    16 ||    19
       Beef jerky        |       |     1 ||     1
       Fruit             |       |     1 ||     1
